[Event "FIDE Women World Blitz 2021"]
[Site "Warsaw"]
[Date "2021.12.30"]
[Round "10.34"]
[White "Fernandez, Maria Florencia"]
[Black "Loskutova, Viktoriya"]
[Result "1-0"]
[ECO "E12"]
[WhiteElo "2184"]
[BlackElo "2195"]
[Annotator "NA"]
[PlyCount "95"]
[EventDate "2021.12.29"]
[EventType "swiss"]
[EventCountry "POL"]
[Tiebreak "Cut1 Buchholz"]
[SourceTitle "playchess.com"]
[Source "ChessBase"]
[SourceQuality "1"]
[TimeControl "180+2"]

1. d4 Nf6 2. c4 e6 3. Nf3 b6 4. a3 Bb7 5. Nc3 Ne4 6. Qc2 Nxc3 7. Qxc3 Be7 8.
e3 O-O 9. Bd3 d5 10. O-O Nd7 11. b4 dxc4 12. Bxc4 c5 13. bxc5 bxc5 14. Bb2 Bf6 15. Qd3 Qc7 16. Rac1 Rac8 17. Ba2 Qb8 18. Bb1 g6 19. Ba1 Rfd8 20. Qe2 Bg7 21. Ba2 cxd4 22. exd4 Qa8 23. Ng5 Rxc1 24. Rxc1 Nf8 25. f3 Bd5 26. Bb1 Qb8 27. Rd1 Qb6 28. Qd3 Bb7 29. Ne4 Ba6 30. Qd2 Bb7 31. Kh1 Bd5 32. Nc5 Nd7 33. Ne4 Nf6 34. Nc5 Nd7 35. Rc1 Qb8 36. Bc3 Nb6 37. Bd3 Nc4 38. Bxc4 Bxc4 39. Ba1 Bd5 40. Qc2 Ba8 41. Rb1 Qc8 42. Qa4 Bc6 43. Qxa7 Bxd4 44. Bxd4 Rxd4 45. Nxe6 fxe6 46. Qxd4 Qd7 47. Rb8+ Kf7 48.
Qf4+ 1-0

[Event "FIDE Women World Blitz 2021"]
[Site "Warsaw"]
[Date "2021.12.30"]
[Round "10.35"]
[White "Pavlidou, Ekaterini"]
[Black "Kucharska, Honorata"]
[Result "1-0"]
[ECO "E70"]
[WhiteElo "2177"]
[BlackElo "2168"]
[Annotator "NA"]
[PlyCount "75"]
[EventDate "2021.12.29"]
[EventType "swiss"]
[EventCountry "POL"]
[Tiebreak "Cut1 Buchholz"]
[SourceTitle "playchess.com"]
[Source "ChessBase"]
[SourceQuality "1"]
[TimeControl "180+2"]

1. d4 Nf6 2. c4 g6 3. Nc3 Bg7 4. e4 O-O 5. Bd3 d6 6. Nge2 e5 7. d5 Nbd7 8. h3 Nc5 9. Bc2 a5 10. Be3 Ne8 11. g4 f5 12. gxf5 gxf5 13. exf5 Bxf5 14. Ng3 Bxc2 15. Qxc2 Qh4 16. Nce4 Nxe4 17. Qxe4 Qxe4 18.
Nxe4 h6 19. Rg1 Kh7 20. c5 Nf6 21. Nxf6+ Rxf6 22. Rc1 dxc5 23. Rxc5 Rf7 24. Ke2 b6 25. Rc6 Rd8 26. Rgc1 Rxd5 27. Rxc7 Rxc7 28. Rxc7 Rb5 29. b3 a4 30. bxa4 Rb2+ 31. Kf3 Rxa2 32. Ra7 b5 33. axb5 Rb2 34. b6 Kg6 35. Rc7 Bf6 36. Ke4 Rb5 37. b7 h5 38. Ba7 1-0

[Event "FIDE Women World Blitz 2021"]
[Site "Warsaw"]
[Date "2021.12.30"]
[Round "10.36"]
[White "Maisuradze, Nino"]
[Black "Jarocka, Liwia"]
[Result "0-1"]
[ECO "E49"]
[WhiteElo "2175"]
[BlackElo "1851"]
[Annotator "ChessBase"]
[PlyCount "111"]
[EventDate "2021.12.29"]
[EventType "swiss"]
[EventCountry "POL"]
[Tiebreak "Cut1 Buchholz"]
[SourceTitle "playchess.com"]
[Source "ChessBase"]
[SourceQuality "1"]
[TimeControl "180+2"]

1. d4 Nf6 2. c4 e6 3. Nc3 Bb4 4. e3 O-O 5. Bd3 d5 6. Nge2 c5 7. a3 Bxc3+ 8.
bxc3 dxc4 9. Bxc4 Qc7 10. Bd3 b6 11. Qa4 Bb7 12. O-O e5 13.
Bb2 Nbd7 14. Rac1 Rfd8 15. Rfd1 a6 16. Ng3 b5 17. Qc2 Re8 18.
a4 Qc6 19. Ne4 Nxe4 20. f3 Nef6 21. axb5 axb5 22. c4 cxd4 23. cxb5 Qxc2 24. Rxc2 dxe3 25. Rc7 Rab8 26. Bf5 Nb6 27. Re1 Nbd5 28. Rc5 g6 29. Bc2 Nb4 30. Bb1 Nfd5 31. Ba3 Ra8 32. Bb2 Bc8 33. Be4 Be6 34. b6 f5 35. Bb1 Nxb6 36. Rxe3 Bf7 37. Rexe5 Rxe5 38. Bxe5 Re8 39. Rb5 N4d5 40. f4 Nd7 41. Bd4 Re1+ 42. Kf2 Re8 43. Ba2 Nxf4 44. Bxf7+ Kxf7 45. Rb7
Re7 46. Bb2 Nd3+ 47. Kf3 Nxb2 48. Rxb2 Kg7 49. Kf4 Nf6 50. h3 h5 51. h4 Re4+ 52. Kg3 Rg4+ 53. Kh3 Rc4 54. g3 Ne4 55. Kg2 Rc3 56. Rb7+ 0-1

[Event "FIDE Women World Blitz 2021"]
[Site "Warsaw"]
[Date "2021.12.30"]
[Round "10.37"]
[White "Sandu, Mihaela"]
[Black "Kubicka, Anna"]
[Result "1-0"]
[ECO "B12"]
[WhiteElo "2244"]
[BlackElo "2273"]
[Annotator "NA"]
[PlyCount "75"]
[EventDate "2021.12.29"]
[EventType "swiss"]
[EventCountry "POL"]
[Tiebreak "Cut1 Buchholz"]
[SourceTitle "playchess.com"]
[Source "ChessBase"]
[SourceQuality "1"]
[TimeControl "180+2"]

1. e4 c6 2. d4 d5 3. e5 c5 4. Nf3 Nc6 5. c4 Nxd4 6. Nxd4 cxd4 7. Qxd4 Be6 8.
c5 a6 9. Nc3 g6 10. Bf4 Bg7 11. Rd1 Qd7 12. Na4 Rd8 13. Nb6 Qc6 14. Bc4 Nh6 15. Bxd5 Bxd5 16. Nxd5 Rc8 17. b4 Nf5 18. Qe4 e6 19. Nc3 O-O 20. Qxc6 Rxc6 21. Na4 Ne7 22. Rd7 Nd5 23. Bd2 Bxe5 24. Rxb7 Rd8 25. a3 Nf4 26. Bxf4 Bxf4 27. O-O e5 28. Rb6 Rxb6 29. Nxb6 Rd3 30. a4 Rc3 31. g3 Bg5 32. Rd1 e4 33. h4 Be7 34. Nd5 Rd3 35. Nxe7+ Kf8 36. Nxg6+ hxg6 37. Rxd3 exd3 38. Kf1 1-0

[Event "FIDE Women World Blitz 2021"]
[Site "Warsaw"]
[Date "2021.12.30"]
[Round "10.38"]
[White "Smirnova, Ekaterina"]
[Black "Paramzina, Anastasya"]
[Result "0-1"]
[ECO "D80"]
[WhiteElo "2196"]
[BlackElo "2260"]
[Annotator "NA"]
[PlyCount "54"]
[EventDate "2021.12.29"]
[EventType "swiss"]
[EventCountry "POL"]
[Tiebreak "Cut1 Buchholz"]
[SourceTitle "playchess.com"]
[Source "ChessBase"]
[SourceQuality "1"]
[TimeControl "180+2"]

1. d4 Nf6 2. c4 g6 3. Nc3 d5 4. Bd2 dxc4 5. e3 c5 6. dxc5 Nbd7 7. Bxc4 Nxc5 8. Qe2 Bg7 9. Nf3 O-O 10. O-O Bf5 11. Nd4 Bg4 12. f3 Bd7 13. Rfd1 e5 14. Nb3 Nxb3 15. Bxb3 Qe7 16. e4 Rfd8 17. Be3 b6 18. Nd5 Nxd5 19. Bxd5 Rac8 20. Rac1 Be6 21. Bxe6 Qxe6 22. b3 Bf8 23. Rxd8 Rxd8 24. Qc4 Qd7 25. a4 Ba3 26. Re1 Qd3 27. Qc7 Bb4 0-1

[Event "FIDE Women World Blitz 2021"]
[Site "Warsaw"]
[Date "2021.12.30"]
[Round "10.39"]
[White "Beydullayeva, Govhar"]
[Black "Zawadzka, Jolanta"]
[Result "0-1"]
[ECO "D37"]
[WhiteElo "2278"]
[BlackElo "2429"]
[Annotator "NA"]
[PlyCount "66"]
[EventDate "2021.12.29"]
[EventType "swiss"]
[EventCountry "POL"]
[Tiebreak "Cut1 Buchholz"]
[SourceTitle "playchess.com"]
[Source "ChessBase"]
[SourceQuality "1"]
[TimeControl "180+2"]

1. d4 d5 2. c4 e6 3. Nf3 Nf6 4. Nc3 a6 5. cxd5 exd5 6. Bg5 Be6 7. Bxf6 Qxf6 8. Qb3 Ra7 9. g3 Bd6 10. Bg2 O-O 11. O-O Qd8 12. Rac1 c6 13.
Rfd1 Nd7 14. Qc2 Re8 15. a3 Ra8 16. Na4 g6 17. Nc5 Bf5 18.
Qd2 Nxc5 19. dxc5 Bf8 20. Nd4 Qd7 21. Qf4 Bg4 22. f3 Be6 23.
e4 Bg7 24. Nxe6 Qxe6 25. exd5 cxd5 26. Qd2 Rad8 27. f4 d4 28. Bxb7 d3 29. Bg2 Bd4+ 30. Kh1 Be3 31. Qc3 Bxc1 32. Qxc1 d2 33. Qc4 Qxc4 0-1

[Event "FIDE Women World Blitz 2021"]
[Site "Warsaw"]
[Date "2021.12.30"]
[Round "11.1"]
[White "Assaubayeva, Bibisara"]
[Black "Koneru, Humpy"]
[Result "1-0"]
[ECO "D35"]
[WhiteElo "2400"]
[BlackElo "2586"]
[Annotator "ChessBase"]
[PlyCount "61"]
[EventDate "2021.12.29"]
[EventType "swiss"]
[EventCountry "POL"]
[Tiebreak "Cut1 Buchholz"]
[SourceTitle "playchess.com"]
[Source "ChessBase"]
[SourceQuality "1"]
[TimeControl "180+2"]

1. d4 Nf6 2. c4 e6 3. Nc3 d5 4. cxd5 exd5 5. Bg5 c6 6. e3 Be7 7. Bd3 Nbd7 8. Nf3 h6 9. Bf4 O-O 10. h3 b6 11. O-O Bb7 12. Rc1 Re8 13.
Bb1 Nf8 14. Ne5 Bd6 15. Qf3 Qe7 16. Rfe1 N6d7 17. Nd3 Bxf4 18. Nxf4 Nf6 19. e4 dxe4 20. Nxe4 Nd5 21. Nh5 Ng6 22. Nef6+ gxf6 23. Rxe7 Rxe7 24. Bxg6 fxg6 25. Nxf6+ Kg7 26.
Nxd5 cxd5 27. Qg3 Rf8 28. Qd6 Rff7 29. Qb8 Re2 30. Rc7 Ba6 31. Rxf7+ 1-0

[Event "FIDE Women World Blitz 2021"]
[Site "Warsaw"]
[Date "2021.12.30"]
[Round "11.1"]
[White "Kubicka, Anna"]
[Black "Nur-Mukhametova, Alisa"]
[Result "0-1"]
[ECO "B40"]
[WhiteElo "2273"]
[BlackElo "2225"]
[Annotator "ChessBase"]
[PlyCount "199"]
[EventDate "2021.12.29"]
[EventType "swiss"]
[EventCountry "POL"]
[Tiebreak "Cut1 Buchholz"]
[SourceTitle "playchess.com"]
[Source "ChessBase"]
[SourceQuality "1"]
[TimeControl "180+2"]

1. e4 c5 2. Nf3 e6 3. c4 Nc6 4. Nc3 Nd4 5. d3 Ne7 6. Be2 Nec6 7. O-O Nxf3+ 8.
Bxf3 Be7 9. g3 O-O 10. Bg2 a6 11. Be3 Rb8 12. a4 d6 13. f4 Bf6 14. Qd2 Bd4 15. Rae1 Bd7 16. b3 Qa5 17. Bxd4 cxd4 18. Nb1 Qc5 19. f5 f6 20. fxe6 Bxe6 21. Qe2 Ne5 22. Nd2 b5 23. axb5 axb5 24. Nf3 Nxf3+ 25. Bxf3 bxc4 26. bxc4 Rb3 27. Rd1 Rfb8 28.
Bg4 Bf7 29. Rf5 Qb4 30. Rdf1 Rb2 31. Qf3 Qd2 32. Rf2 Qxf2+ 33. Qxf2 Rxf2 34. Rxf2 Rb3 35. Rd2 h5 36. Bd7 Kf8 37. Kf2 Ke7 38. Bc6 Rc3 39. h4 Be6 40. Ba4 Bg4 41. Bd1 Bxd1 42. Rxd1 Ke6 43. Ke2 f5 44. Kf3 Ke5 45. exf5 Kxf5 46. Rd2 g6 47. Rf2 Ke5 48. Re2+ Kf5 49. Rd2 Rc1 50. Rf2 Ke5 51. Ke2 Rc2+ 52. Ke1 Rc1+ 53. Kd2 Rg1 54. Rf3 Rg2+ 55. Kd1 Rg1+ 56. Ke2 Rg2+ 57. Kf1 Rd2 58. Ke1 Ra2 59. Kf1 Ra6 60. Rf8 Ra3 61. Ke2 Ra2+ 62. Ke1 Rg2 63. Re8+ Kf6 64. Re4 Rxg3 65. Rxd4 Ke6 66. Re4+ Kf5 67. Ke2 Rg4 68. Re8 Rxh4 69. Ke3 Rh3+ 70. Kd4 Rg3 71. Rf8+ Ke6 72. Re8+ Kf7 73. Rd8 Ke7 74. Rg8 h4 75. Ke4 Ke6 76. d4 Rg4+ 77. Ke3 h3 78.
Rh8 Rg3+ 79. Kf4 Rc3 80. d5+ Kf6 81. Rh7 Rxc4+ 82. Ke3 Rc3+ 83. Kd4 Rg3 84. Rd7 Rg4+ 85. Ke3 Ke5 86. Kf3 Rg5 87. Rh7 Kxd5 88.
Rxh3 Re5 89. Rh6 g5 90. Rg6 Kc5 91. Rg8 d5 92. Rc8+ Kd4 93.
Rd8 Kc4 94. Rc8+ Kd3 95. Rd8 d4 96. Kf2 Rf5+ 97. Ke1 g4 98.
Rg8 Rf4 99. Rg7 Ke3 100. Re7+ 0-1

[Event "FIDE Women World Blitz 2021"]
[Site "Warsaw"]
[Date "2021.12.30"]
[Round "11.2"]
[White "Vaishali R"]
[Black "Goryachkina, Aleksandra"]
[Result "1-0"]
[ECO "D02"]
[WhiteElo "2405"]
[BlackElo "2604"]
[Annotator "ChessBase"]
[PlyCount "79"]
[EventDate "2021.12.29"]
[EventType "swiss"]
[EventCountry "POL"]
[Tiebreak "Cut1 Buchholz"]
[SourceTitle "playchess.com"]
[Source "ChessBase"]
[SourceQuality "1"]
[TimeControl "180+2"]

1. d4 d5 2. Bf4 c5 3. e3 Nc6 4. Nf3 Nf6 5. Nbd2 cxd4 6. exd4 Bg4 7. h3 Bh5 8. c3 e6 9. Qb3 Bd6 10. Bxd6 Qxd6 11. Bd3 O-O 12. O-O Rab8 13. a4 Ne7 14. Rfe1 Bg6 15. Bxg6 Nxg6 16. Ne5 Nd7 17. Ndf3 Ndxe5 18. dxe5 Qc7 19. Rad1 a6 20. Qb4 Rfc8 21. h4 h6 22. h5 Ne7 23. Qf4 b5 24. axb5 Rxb5 25. Rd2 Rcb8 26. Ree2 a5 27. g4 Rc5 28. g5 Rc4 29. Nd4 Nf5 30. gxh6 Nxh6 31. f3 f6 32. Nxe6 Qf7 33. Nd4 Qxh5 34. exf6 Rf8 35. Rg2 Rf7 36. Rde2 Kh7 37. Re7 Rxe7 38. fxe7 Qe8 39. Qg5 g6 40. Rh2 1-0

[Event "FIDE Women World Blitz 2021"]
[Site "Warsaw"]
[Date "2021.12.30"]
[Round "11.2"]
[White "Kazarian, Anna-Maja"]
[Black "Dylag, Emilia"]
[Result "0-1"]
[ECO "B90"]
[WhiteElo "2138"]
[BlackElo "1863"]
[Annotator "NA"]
[PlyCount "116"]
[EventDate "2021.12.29"]
[EventType "swiss"]
[EventCountry "POL"]
[Tiebreak "Cut1 Buchholz"]
[SourceTitle "playchess.com"]
[Source "ChessBase"]
[SourceQuality "1"]
[TimeControl "180+2"]

1. e4 c5 2. Nf3 d6 3. d4 cxd4 4. Nxd4 Nf6 5. Nc3 a6 6. Be3 e5 7. Nb3 Be6 8. Qd2 Be7 9. O-O-O Nbd7 10. Kb1 O-O 11. f4 Rc8 12. f5 Bc4 13.
g4 Nxg4 14. Rg1 Nxe3 15. Qxe3 Kh8 16. Nd2 Bxf1 17. Rdxf1 Nf6 18. Nf3 d5 19. Nxe5 Bc5 20. Qg3 Bxg1 21. Rxg1 g6 22. fxg6 fxg6 23. Rd1 d4 24. Ne2 Nxe4 25. Qd3 Nf2 26. Qxd4 Qxd4 27. Rxd4 Nh3 28. b3 Rce8 29. Nd7 Rd8 30. Ng3 Rf7 31. Ne4 Rfxd7 32. Rc4 Nf4 33. Kb2 Ne6 34. Nf6 Rc7 35. Rh4 h5 36. Re4 Nc5 37. Re2 Kg7 38. Ne8+ Rxe8 39. Rxe8 g5 40. b4 Na4+ 41. Kb3 Nc3 42. a4 g4 43. Re3 Nd5 44. Re5 Nf6 45. c4 Kg6 46. c5 h4 47. b5 axb5 48.
axb5 g3 49. hxg3 hxg3 50. Re3 Nh5 51. Kc4 g2 52. Re1 Kf5 53.
b6 Rc6 54. Kd5 Rg6 55. Rg1 Nf4+ 56. Kc4 Ne2 57. c6 Rxc6+ 58. Kb5 Nxg1 0-1

[Event "FIDE Women World Blitz 2021"]
[Site "Warsaw"]
[Date "2021.12.30"]
[Round "11.3"]
[White "Kosteniuk, Alexandra"]
[Black "Gunina, Valentina"]
[Result "0-1"]
[ECO "B11"]
[WhiteElo "2518"]
[BlackElo "2480"]
[Annotator "ChessBase"]
[PlyCount "108"]
[EventDate "2021.12.29"]
[EventType "swiss"]
[EventCountry "POL"]
[Tiebreak "Cut1 Buchholz"]
[SourceTitle "playchess.com"]
[Source "ChessBase"]
[SourceQuality "1"]
[TimeControl "180+2"]

1. e4 c6 2. Nc3 d5 3. Nf3 dxe4 4. Nxe4 Nf6 5. Qe2 Nxe4 6. Qxe4 Nd7 7. d4 Nf6 8. Qf4 Nd5 9. Qd2 Bf5 10. Bd3 Bxd3 11. Qxd3 e6 12. O-O Be7 13. c4 Nf6 14. Rd1 O-O 15. Bf4 Bd6 16. Bg5 h6 17. Bh4 Be7 18. Qb3 Ne4 19. Bxe7 Qxe7 20. Re1 Nf6 21. Rad1 Rfd8 22. Rd3 Rd6 23. h3 Rad8 24. Red1 Qc7 25. Qa3 a6 26. Qc5 Nd7 27. Qh5 Nf8 28. Ne5 f6 29. Ng4 R6d7 30. b3 Qf4 31. Qc5 e5 32. d5 Ne6 33.
Qe3 Qxe3 34. Nxe3 Nf4 35. R3d2 cxd5 36. cxd5 Kf7 37. h4 e4 38. g3 Nd3 39. Rc2 g6 40. Rdd2 Ne1 41. Kf1 Nxc2 42. Rxc2 h5 43. Rc5 Ke7 44. b4 Rd6 45. a4 Rb6 46. Rc4 f5 47. a5 Rb5 48.
Ke2 Rd7 49. f3 exf3+ 50. Kxf3 Kd6 51. Kf4 Re7 52. Nc2 Rxd5 53. Kg5 f4+ 54. Kxf4 Rf5# 0-1

[Event "FIDE Women World Blitz 2021"]
[Site "Warsaw"]
[Date "2021.12.30"]
[Round "11.3"]
[White "Szczotka, Klara"]
[Black "Antolak, Julia"]
[Result "0-1"]
[ECO "B81"]
[WhiteElo "1584"]
[BlackElo "2334"]
[Annotator "NA"]
[PlyCount "112"]
[EventDate "2021.12.29"]
[EventType "swiss"]
[EventCountry "POL"]
[Tiebreak "Cut1 Buchholz"]
[SourceTitle "playchess.com"]
[Source "ChessBase"]
[SourceQuality "1"]
[TimeControl "180+2"]

1. e4 c5 2. Nf3 e6 3. d4 cxd4 4. Nxd4 Nf6 5. Nc3 d6 6. g4 h6 7. Rg1 Nc6 8. Be3 d5 9. exd5 Nxd5 10. Nxd5 Qxd5 11. Bg2 Qa5+ 12. Qd2 Qxd2+ 13. Kxd2 Bd7 14. Rad1 Nxd4 15. Bxd4 O-O-O 16.
Kc1 b6 17. Be4 f6 18. h3 e5 19. Bc3 Bc5 20. Rg2 Be6 21. a3 Kc7 22. b4 Be7 23. Rgg1 g5 24. Kb2 h5 25. f3 hxg4 26. hxg4 Rh2 27. Rxd8 Bxd8 28. Rd1 Be7 29. Rd2 Rh3 30. Rd1 Bd7 31. Kb3 Bb5 32. Rd2 Bc6 33. Bxc6 Kxc6 34. Rf2 Bd6 35. Kc4 b5+ 36. Kd3 Kd5 37. Bb2 Bc7 38. Rf1 Bb6 39. Ke2 Rh2+ 40. Kd3 Rh3 41. Ke2 Kc4 42. Rc1 Rh2+ 43. Ke1 Rf2 44. c3 Rxb2 45. Kf1 Rf2+ 46. Ke1 Rxf3 47. Ke2 Rxc3 48. Rd1 Rc2+ 49. Kf3 Rf2+ 50. Kg3 Ra2 51. Rd6 Rxa3+ 52. Kg2 e4 53. Rxf6 e3 54. Kf3 Ra2 55. Re6 Rf2+ 56. Kg3 Rf4 0-1

[Event "FIDE Women World Blitz 2021"]
[Site "Warsaw"]
[Date "2021.12.30"]
[Round "11.4"]
[White "Kashlinskaya, Alina"]
[Black "Stefanova, Antoaneta"]
[Result "1-0"]
[ECO "D15"]
[WhiteElo "2482"]
[BlackElo "2475"]
[Annotator "ChessBase"]
[PlyCount "89"]
[EventDate "2021.12.29"]
[EventType "swiss"]
[EventCountry "POL"]
[Tiebreak "Cut1 Buchholz"]
[SourceTitle "playchess.com"]
[Source "ChessBase"]
[SourceQuality "1"]
[TimeControl "180+2"]

1. d4 d5 2. c4 c6 3. Nf3 Nf6 4. Nc3 a6 5. c5 Bf5 6. Qb3 Ra7 7. Nh4 Be6 8. g3 h6 9. Bg2 g5 10. Nf3 Nbd7 11. Qc2 Bg4 12. h4 gxh4 13. Rxh4 h5 14. Bf4 b6 15. cxb6 Qxb6 16. Rc1 e6 17. Na4 Bb4+ 18. Kf1 Qb5 19. Qxc6 O-O 20. a3 Be7 21. Qc2 Ne4 22. Rh1 Bf5 23. Qd1 Ndf6 24. Ne5 Rb7 25. f3 Nd6 26. Rc3 Nc4 27. Nxc4 dxc4 28. Be5 Bg6 29. g4 Nd5 30. gxh5 Bh7 31. Rg1 f6 32. Bh3+ Kf7 33. Bh2 Nxc3 34. Nxc3 Qxb2 35. d5 Qxc3 36. Bxe6+ Ke8 37. Qa4+ Kd8 38. d6 Rb1+ 39. Kg2 Rxg1+ 40. Bxg1 Rg8+ 41. Bxg8 Bxg8 42. Bb6+ Kc8 43.
Qc6+ Kb8 44. Qc7+ Ka8 45. Qa7# 1-0

[Event "FIDE Women World Blitz 2021"]
[Site "Warsaw"]
[Date "2021.12.30"]
[Round "11.4"]
[White "Smietanska, Wiktoria"]
[Black "Movsesian, Julia"]
[Result "1-0"]
[ECO "A27"]
[WhiteElo "1765"]
[BlackElo "2322"]
[Annotator "NA"]
[PlyCount "103"]
[EventDate "2021.12.29"]
[EventType "swiss"]
[EventCountry "POL"]
[Tiebreak "Cut1 Buchholz"]
[SourceTitle "playchess.com"]
[Source "ChessBase"]
[SourceQuality "1"]
[TimeControl "180+2"]

1. c4 e5 2. Nc3 Nc6 3. Nf3 Bc5 4. e3 d6 5. d4 exd4 6. exd4 Bb6 7. d5 Nce7 8. Bd3 Nf6 9. Qc2 h6 10. O-O O-O 11. h3 a6 12. b3 c6 13.
dxc6 bxc6 14. Ba3 d5 15. cxd5 cxd5 16. Rfe1 Be6 17. Na4 Rc8 18. Qb2 Bc7 19. Nc5 Re8 20. Bxa6 Rb8 21. Nxe6 fxe6 22. Rxe6 Nf5 23. Rxe8+ Qxe8 24. Bd3 Ne4 25. Re1 Qc6 26. Bxe4 dxe4 27. Nd4 Qf6 28. Nxf5 Qxf5 29. Qd4 Bb6 30. Qc4+ Kh8 31. Re2 Rd8 32. Qxe4 Qa5 33. Be7 Rc8 34. Bd6 Qc3 35. Be5 Qc1+ 36. Kh2 Qg5 37. Qg4 Qxg4 38. hxg4 Bc5 39. f3 Kh7 40. a4 Re8 41. f4 g5 42. g3 gxf4 43. gxf4 Kg6 44. Rb2 h5 45. Kg3 Bb4 46. Rc2 hxg4 47. Kxg4 Rd8 48. Rc6+ Kf7 49. Kf5 Rd1 50. Rc7+ Ke8 51. Ke6 Be7 52. Rxe7+ 1-0

[Event "FIDE Women World Blitz 2021"]
[Site "Warsaw"]
[Date "2021.12.30"]
[Round "11.5"]
[White "Abdumalik, Zhansaya"]
[Black "Bivol, Alina"]
[Result "1-0"]
[ECO "C18"]
[WhiteElo "2507"]
[BlackElo "2377"]
[Annotator "ChessBase"]
[PlyCount "77"]
[EventDate "2021.12.29"]
[EventType "swiss"]
[EventCountry "POL"]
[Tiebreak "Cut1 Buchholz"]
[SourceTitle "playchess.com"]
[Source "ChessBase"]
[SourceQuality "1"]
[TimeControl "180+2"]

1. e4 e6 2. d4 d5 3. Nc3 Bb4 4. e5 c5 5. a3 Bxc3+ 6. bxc3 Nc6 7. Nf3 Qa5 8. Bd2 c4 9. h4 Bd7 10. h5 O-O-O 11. Ng5 Rf8 12. g3 f6 13. exf6 gxf6 14. Nf3 e5 15. Bg2 Nge7 16. a4 Rhg8 17. Qc1 Nf5 18.
Qa3 Qc7 19. dxe5 fxe5 20. O-O-O d4 21. cxd4 Ncxd4 22. Rhe1 Nxf3 23. Bxf3 Nd4 24. Bd5 Rh8 25. f4 Bf5 26. Rxe5 Bxc2 27. Rde1 Bd3 28. Bc3 Qb6 29. Qb2 Nb3+ 30. Kd1 Nc5 31. a5 Qxb2 32. Bxb2 Rd8 33. Kd2 Nb3+ 34. Kc3 Nxa5 35. Be6+ Kb8 36. Rxa5 b6 37. Rae5 Rhf8 38. Ba3 Rf6 39. Be7 1-0

[Event "FIDE Women World Blitz 2021"]
[Site "Warsaw"]
[Date "2021.12.30"]
[Round "11.5"]
[White "Nurgali, Nazerke"]
[Black "Gil Quilez, Sonia"]
[Result "0-1"]
[ECO "D66"]
[WhiteElo "2267"]
[BlackElo "2122"]
[Annotator "NA"]
[PlyCount "72"]
[EventDate "2021.12.29"]
[EventType "swiss"]
[EventCountry "POL"]
[Tiebreak "Cut1 Buchholz"]
[SourceTitle "playchess.com"]
[Source "ChessBase"]
[SourceQuality "1"]
[TimeControl "180+2"]

1. d4 d5 2. Nf3 Nf6 3. c4 c6 4. Nc3 e6 5. Bg5 Nbd7 6. e3 Be7 7. Bd3 dxc4 8. Bxc4 b5 9. Bd3 a6 10. O-O O-O 11. Rc1 c5 12. Bb1 cxd4 13.
exd4 Bb7 14. Qe2 Re8 15. Rfd1 Nd5 16. Bxe7 Qxe7 17. Ne4 h6 18. Nc5 Nxc5 19. dxc5 Rac8 20. Qc2 Nf6 21. Nd4 Be4 22. Qb3 Bxb1 23. Rxb1 Rxc5 24. Qa3 Rd5 25. Qxe7 Rxe7 26. Nc6 Red7 27. Rdc1 Kh7 28. Nb8 R7d6 29. h3 Ne4 30. Rc7 Rf5 31. f3 Nd2 32. Rbc1 Nc4 33. b3 Ne3 34. Ra7 Rd2 35. g4 Rg2+ 36. Kh1 Rxf3 0-1

[Event "FIDE Women World Blitz 2021"]
[Site "Warsaw"]
[Date "2021.12.30"]
[Round "11.6"]
[White "Shuvalova, Polina"]
[Black "Buksa, Nataliya"]
[Result "0-1"]
[ECO "D03"]
[WhiteElo "2515"]
[BlackElo "2199"]
[Annotator "ChessBase"]
[PlyCount "84"]
[EventDate "2021.12.29"]
[EventType "swiss"]
[EventCountry "POL"]
[Tiebreak "Cut1 Buchholz"]
[SourceTitle "playchess.com"]
[Source "ChessBase"]
[SourceQuality "1"]
[TimeControl "180+2"]

1. d4 d5 2. Nf3 Nf6 3. Bf4 e6 4. e3 Bd6 5. Nbd2 c5 6. c3 O-O 7. Bd3 Qc7 8. Bxd6 Qxd6 9. O-O Nc6 10. Qe2 e5 11. dxc5 Qxc5 12. e4 Bg4 13. h3 Bh5 14. Rfe1 dxe4 15. Nxe4 Nxe4 16. Bxe4 Rae8 17. Qe3 Qxe3 18. Rxe3 f6 19. c4 Bf7 20. b3 Rd8 21. Ree1 Rd7 22. Rad1 Rfd8 23. Rxd7 Rxd7 24. Bxc6 bxc6 25. g4 h5 26. Kg2 hxg4 27. hxg4 Be6 28. g5 Kf7 29. gxf6 gxf6 30. Kg3 Bf5 31. Re2 Rd3 32. Rd2 Rc3 33. Rd8 Be4 34. Rd7+ Ke6 35. Rxa7 Rxf3+ 36. Kg4 Rxf2 37. a4 Rg2+ 38. Kh4 Bf5 39. a5 Rg4+ 40. Kh5 Rg3 41. Kh6 Rh3+ 42. Kg7 Rh6 0-1

[Event "FIDE Women World Blitz 2021"]
[Site "Warsaw"]
[Date "2021.12.30"]
[Round "11.6"]
[White "Ovod, Evgenija"]
[Black "Parol, Pola"]
[Result "1-0"]
[ECO "B22"]
[WhiteElo "2366"]
[BlackElo "1823"]
[Annotator "NA"]
[PlyCount "35"]
[EventDate "2021.12.29"]
[EventType "swiss"]
[EventCountry "POL"]
[Tiebreak "Cut1 Buchholz"]
[SourceTitle "playchess.com"]
[Source "ChessBase"]
[SourceQuality "1"]
[TimeControl "180+2"]

1. e4 c5 2. c3 d5 3. exd5 Qxd5 4. d4 Nc6 5. Nf3 Bf5 6. Be2 cxd4 7. cxd4 Bxb1 8. Rxb1 Qxa2 9. O-O Qxb1 10. d5 O-O-O 11. Qb3 Qg6 12. dxc6 Qxc6 13. Bf4 Rd5 14. Ne5 Qe6 15. Bg4 f5 16. Rc1+ Kd8 17. Bxf5 Qd6 18. Rc8# 1-0

[Event "FIDE Women World Blitz 2021"]
[Site "Warsaw"]
[Date "2021.12.30"]
[Round "11.7"]
[White "Muzychuk, Mariya"]
[Black "Kiolbasa, Oliwia"]
[Result "0-1"]
[ECO "C47"]
[WhiteElo "2536"]
[BlackElo "2403"]
[Annotator "ChessBase"]
[PlyCount "50"]
[EventDate "2021.12.29"]
[EventType "swiss"]
[EventCountry "POL"]
[Tiebreak "Cut1 Buchholz"]
[SourceTitle "playchess.com"]
[Source "ChessBase"]
[SourceQuality "1"]
[TimeControl "180+2"]

1. e4 e5 2. Nf3 Nc6 3. Nc3 Nf6 4. d4 exd4 5. Nxd4 Bb4 6. Nxc6 bxc6 7. Bd3 O-O 8.
O-O Re8 9. Re1 d5 10. Bd2 Bg4 11. Qc1 dxe4 12. Nxe4 Rxe4 13. Bxb4 Rxb4 14. h3 Be6 15. b3 Rd4 16. Qe3 c5 17. Rad1 Qd6 18. c3 Rd5 19. Rd2 Rd8 20.
Red1 Bf5 21. c4 Rxd3 22.
Rxd3 Bxd3 23. g4 Qd4 24. Qg3 Ne4 25. Qf4 Nc3 0-1

[Event "FIDE Women World Blitz 2021"]
[Site "Warsaw"]
[Date "2021.12.30"]
[Round "11.7"]
[White "Kolaric, Spela"]
[Black "Beydullayeva, Govhar"]
[Result "0-1"]
[ECO "B22"]
[WhiteElo "2178"]
[BlackElo "2278"]
[Annotator "NA"]
[PlyCount "112"]
[EventDate "2021.12.29"]
[EventType "swiss"]
[EventCountry "POL"]
[Tiebreak "Cut1 Buchholz"]
[SourceTitle "playchess.com"]
[Source "ChessBase"]
[SourceQuality "1"]
[TimeControl "180+2"]

1. e4 c5 2. c3 d5 3. exd5 Qxd5 4. d4 Nf6 5. Nf3 e6 6. Na3 a6 7. Nc4 Nbd7 8. Be3 b5 9. Nce5 Nxe5 10. dxe5 Qxd1+ 11. Rxd1 Nd5 12. Bg5 h6 13. Bh4 Bb7 14. Bg3 Be7 15. Be2 O-O 16. O-O Rfd8 17. Rd2 g5 18. h3 Nb6 19. Rfd1 Na4 20. Kf1 Rxd2 21. Rxd2 Rd8 22. Rxd8+ Bxd8 23. h4 Nxb2 24. hxg5 hxg5 25. Nd2 Ba5 26. Nb3 Bb6 27. f4 c4 28. Nd2 gxf4 29. Bxf4 Na4 30. Nb1 Be4 31. Nd2 Nxc3 32. Nxe4 Nxe4 33. Bf3 Nc3 34. Bb7 Nxa2 35. Bxa6 c3 36. Bxb5 c2 37. Bc4 c1=Q+ 38. Bxc1 Nxc1 39. Ke1 Be3 40. g4 Kg7 41. Kf1 Bf4 42. Kg2 Bxe5 43. Kf3 Kg6 44. Ke4 Bg7 45. Ke3 Bh6+ 46. Ke4 Kg5 47. Kf3 Kh4 48. Ba6 Nb3 49.
Bc4 Nd2+ 50. Ke2 Nxc4 51. Kd3 Nd6 52. Kd4 Kxg4 53. Ke5 Bf4+ 54. Kd4 e5+ 55. Kd5 e4 56.
Kd4 e3 0-1